AoeStats
← priuslee

Lombardia

509881606Analyzed
3v3 RM · 4d ago on Sep 28, 2026· 46m 38s· 6 players
Game mode
Random Map
Map size
Normal (6 player)
Population
200
Speed
Normal
Resources
Standard
Victory
Conquest
Starting age
Dark Age
Ending age
Imperial Age
RankedLock teamsTeams togetherTeam positionsShared explorationLock speedFull tech treeHidden civsTurbo modeCheats
Victory
Defeat
🇨🇳 Teutons · China
943
+17
🇨🇳 Mongols · China
928
+17
🇨🇳 Khmer · China
920
+17
🇨🇳 Chinese · China
961
-17
🇮🇳 Franks · India
961
-17
🇨🇳 Mongols · China
955
-17
ZHINAR
10:22 Feudal Age
11:44 Horse Collar
18:08 Castle Age
16:39 Double-Bit Axe
16:54 Gold Mining
22:03 Fletching
22:15 Padded Archer Armor
22:57 Bow Saw
24:48 Bloodlines
24:49 Stone Mining
26:03 Heavy Plow
28:13 Gold Shaft Mining
28:49 Wheelbarrow
32:52 Imperial Age
31:23 Bodkin Arrow
34:56 Chemistry
34:24 Conscription
34:14 Bracer
34:30 Leather Archer Armor
35:30 Parthian Tactics
35:50 Thumb Ring
36:19 Ballistics
35:40 Capped Ram
37:33 Elite Mangudai
38:31 Scale Barding Armor
39:28 Drill
40:02 Siege Ram
44:26 Onager
priuslee
6:09 Loom
9:12 Feudal Age
18:56 Castle Age
19:07 Double-Bit Axe
19:45 Bloodlines
19:38 Padded Archer Armor
19:28 Fletching
19:50 Forging
21:02 Gold Mining
21:26 Bodkin Arrow
23:47 Leather Archer Armor
24:40 Scale Barding Armor
26:43 Husbandry
27:22 Iron Casting
27:08 Chain Barding Armor
28:15 Bow Saw
28:42 Wheelbarrow
27:59 Horse Collar
28:45 Heavy Plow
35:40 Imperial Age
38:35 Gold Shaft Mining
39:25 Blast Furnace
38:10 Elite Battle Elephant
41:10 Plate Barding Armor
43:19 Crop Rotation
Jilmo
8:51 Loom
11:45 Feudal Age
17:25 Castle Age
15:50 Scale Mail Armor
15:35 Horse Collar
18:28 Gold Mining
18:38 Double-Bit Axe
20:23 Chain Mail Armor
27:08 Squires
36:39 Imperial Age
34:52 Fletching
35:12 Forging
35:13 Stone Mining
35:55 Ironclad
36:14 Forging
36:00 Bodkin Arrow
36:22 Heavy Plow
38:26 Plate Mail Armor
38:43 Wheelbarrow
39:49 Conscription
40:58 Hoardings
42:06 Crenellations
42:53 Elite Teutonic Knight
44:13 Iron Casting
Killing Strike
4:36 Loom
11:04 Feudal Age
20:02 Castle Age
19:51 Double-Bit Axe
20:02 Stone Mining
22:39 Bow Saw
39:12 Imperial Age
37:34 Gold Mining
38:29 Wheelbarrow
37:41 Town Watch
37:45 Elite Skirmisher
38:40 Scale Barding Armor
38:35 Scale Mail Armor
38:38 Husbandry
39:31 Hand Cart
39:22 Town Patrol
40:08 Cavalier
41:57 Pikeman
42:33 Halberdier
44:21 Squires
44:06 Gambesons
44:06 Arson
44:43 Paladin
crazy hippo
9:11 Feudal Age
10:46 Double-Bit Axe
16:28 Horse Collar
22:08 Castle Age
20:48 Bloodlines
20:42 Stone Mining
22:36 Gold Mining
22:52 Heavy Plow
23:04 Bow Saw
23:00 Pikeman
23:41 Squires
35:32 Gold Shaft Mining
35:34 Stone Shaft Mining
36:35 Husbandry
36:44 Caravan
37:15 Coinage
41:59 Imperial Age
43:28 Elite Steppe Lancer
45:46 Conscription
1169656596
0:43 Loom
12:32 Feudal Age
19:47 Castle Age
19:06 Stone Mining
19:04 Double-Bit Axe
28:06 Fletching
28:17 Padded Archer Armor
29:21 Gold Mining
30:07 Stone Shaft Mining
35:28 Imperial Age
33:25 Caravan
34:33 Wheelbarrow
33:43 Town Watch
36:22 Ballistics
35:59 Bodkin Arrow
36:19 Leather Archer Armor
36:34 Conscription
37:59 Hand Cart
37:45 Town Patrol
37:46 Bracer
38:50 Chemistry
38:06 Masonry
38:08 Bow Saw
38:34 Gold Shaft Mining
41:10 Architecture
40:40 Elite Chu Ko Nu
Connection lost

Rejoining the realm…

Still unreachable

The connection could not be restored.

Session expired

The server has moved on; the page needs a fresh start.